 Dungeon Crawl Stone Soup version 0.30.1-4-g462c640d31 (webtiles) character file.

Game seed: 11410209023304911906

50045 wingedge the Zephyrmancer (level 13, -1/112 HPs)
             Began as a Demigod Air Elementalist on Aug 30, 2023.
             Slain by an orange demon (9 damage)
             ... summoned by an orc sorcerer
             ... led by an orc high priest
             ... on level 1 of the Orcish Mines.
             The game lasted 01:19:39 (25801 turns).

wingedge the Zephyrmancer (DgAE)                   Turns: 25801, Time: 01:19:39

Health: -1/112     AC: 13    Str:  9    XL:     13   Next: 83%
Magic:  10/36      EV: 14    Int: 29    God:
Gold:   934        SH:  5    Dex: 18    Spells: 1/26 levels left

rFire   . . .        a - +9 scimitar (elec)
rCold   + . .        (no shield)
rNeg    . . .        J - +4 troll leather armour {Snorg}
rPois   +            (no helmet)
rElec   .            h - +0 cloak
rCorr   .            u - +0 pair of gloves
SInv    .            C - +0 pair of boots
Will    +....        K - amulet of reflection
Stlth   +++          m - ring "Ekhuqemu" {rC+ MP+9}
HPRegen 1.18/turn    E - ring of poison resistance
MPRegen 0.25/turn

%: reflection
@: no status effects
A: high MP 1, forlorn, divine attributes
a: no special abilities


You were on level 1 of the Orcish Mines.
You visited 3 branches of the dungeon, and saw 17 of its levels.

You collected 1112 gold pieces.
You spent 178 gold pieces at shops.

Inventory:

Hand Weapons
 a - a +9 scimitar of electrocution (weapon)
Missiles
 l - 38 poisoned darts
Armour
 g - the +0 ring mail of a sewer {Regen+ rCorr}
   (You found it on level 11 of the Dungeon)

   Regen:     It increases your rate of health regeneration.
   rCorr:     It protects you from acid and corrosion.
 h - a +0 cloak (worn)
 u - a +0 pair of gloves (worn)
 y - a +0 ring mail of fire resistance
 C - a +0 pair of boots (worn)
 J - a +4 troll leather armour (worn) {Snorg}
 M - the +1 scale mail of Responsibility {rElec Str+3 Int+3}
   (You found it on level 1 of the Lair of Beasts)

   Str:       It affects your strength (+3).
   Int:       It affects your intelligence (+3).
   rElec:     It insulates you from electricity.
Magical Staves
 b - a staff of conjuration
 I - a staff of earth
Jewellery
 f - a ring of flight
 m - the ring "Ekhuqemu" (left hand) {rC+ MP+9}
   (You found it on level 2 of the Lair of Beasts)

   [ring of magical power]

   rC:        It protects you from cold.
   MP:        It affects your magic capacity (+9).
 E - a ring of poison resistance (right hand)
 K - an amulet of reflection (around neck)
 O - a ring of positive energy
 R - a +5 ring of evasion
Wands
 c - a wand of flame (17)
 A - a wand of polymorph (19)
 N - a wand of iceblast (4)
Scrolls
 d - a scroll of brand weapon
 n - 3 scrolls of vulnerability
 o - 3 scrolls of teleportation
 r - a scroll of fog
 s - 7 scrolls of immolation
 t - 3 scrolls of magic mapping
 w - 2 scrolls of enchant armour
 x - 4 scrolls of amnesia
 G - a scroll of poison
 P - a scroll of summoning {unknown}
 Q - a scroll of enchant weapon
Potions
 e - 2 potions of berserk rage
 i - 4 potions of haste
 j - 2 potions of ambrosia
 p - 4 potions of might
 q - 9 potions of curing
 v - 4 potions of resistance
 z - a potion of cancellation {unknown}
 B - 4 potions of lignification {unknown}
 D - 2 potions of magic
 F - a potion of flight {unknown}
 H - a potion of invisibility {unknown}
 L - 2 potions of attraction {unknown}
 T - a potion of brilliance {unknown}
Miscellaneous
 S - a box of beasts


   Skills:
 + Level 9.7 Fighting
 + Level 8.2 Long Blades
 + Level 7.0 Armour
 - Level 5.0 Dodging
 - Level 5.0 Stealth
 * Level 7.0 Spellcasting
 * Level 8.5 Conjurations
 - Level 6.3 Summonings
 - Level 6.0 Ice Magic
 + Level 10.0 Air Magic


You had one spell level left.
You knew the following spells:

 Your Spells              Type           Power      Damage    Failure   Level
a - Shock                 Conj/Air       100%       1d9       1%          1
b - Static Discharge      Conj/Air       100%       2-7/arc   1%          2
c - Swiftness             Air            62%        N/A       1%          3
d - Airstrike             Air            31%        2d(5-21)  1%          4
e - Ozocubu's Armour      Ice            44%        N/A       1%          3
f - Summon Lightning Spi  Summ/Air       55%        N/A       2%          4
g - Hailstorm             Conj/Ice       51%        3d11      1%          3
h - Iskenderun's Battles  Conj           56%        2d11      5%          5

Your spell library contained the following spells:

 Spells                   Type           Power      Damage    Failure   Level
 Foxfire                  Conj/Fire      100%       2x1d9     1%          1
 Freeze                   Ice            100%       1d10      1%          1
 Kiss of Death            Conj/Necr      100%       2d13      1%          1
 Apportation              Tloc           20%        N/A       7%          1
 Sandblast                Erth           20%        2d7       7%          1
 Frozen Ramparts          Ice            88%        1d14      1%          3
 Dazzling Flash           Conj/Hex       70%        N/A       3%          3
 Stone Arrow              Conj/Erth      70%        3d11      3%          3
 Passwall                 Tmut/Erth      8%         N/A       10%         2
 Flame Wave               Conj/Fire      35%        2d10      12%         4
 Sticky Flame             Conj/Fire      35%        2d5       12%         4
 Confusing Touch          Hex            10%        N/A       21%         3
 Inner Flame              Hex/Fire       10%        N/A       21%         3
 Portal Projectile        Hex/Tloc       20%        N/A       21%         3
 Tukima's Dance           Hex            10%        N/A       21%         3
 Conjure Ball Lightning   Conj/Air       29%        3x3d8     22%         6
 Silence                  Hex/Air        19%        N/A       24%         5
 Fireball                 Conj/Fire      17%        3d9       32%         5
 Dispel Undead            Necr           10%        3d9       54%         4
 Plasma Beam              Fire/Air       19%        2x1d34    78%         6
 Orb of Destruction       Conj           28%        9d9       86%         7
 Starburst                Conj/Fire      17%        6d6       87%         6
 Agony                    Necr           10%        N/A       88%         5
 Alistair's Intoxication  Tmut/Pois      6%         N/A       88%         5
 Blade Hands              Tmut           5%         N/A       88%         5
 Ozocubu's Refrigeration  Ice            22%        4d12      99%         7


Dungeon Overview and Level Annotations

Branches:
Dungeon (11/15)            Temple (0/1) D:7            Lair (5/5) D:11
  Swamp (0/4) Lair:3       Spider (0/4) Lair:2        Slime (0/5) Lair:4
    Orc (1/2) D:9

Shops:
D:3 *

Annotations:
Lair:3 3 runed translucent doors, ManwhosaysNo's ghost, journeyman DrCj


Innate Abilities, Weirdness & Mutations

You have an increased reservoir of magic. (+10% MP)
You shall have no god before yourself.
Your divine heritage dramatically boosts your attributes as you level up.


Message History

The orange demon stings you from afar.
Casting: Static Discharge (safe; 1% risk of failure)
Confirm with . or Enter, or press ? or * to list all spells.
The orc is struck by an arc of lightning!
You kill the orc!
The troll is struck by an arc of lightning.
The troll is moderately wounded.
You are struck by an arc of lightning.
* * * LOW HITPOINT WARNING * * *
The orc high priest is struck by an arc of lightning.
The orc high priest is severely wounded.
The lightning grounds out.
Your battlesphere fires!
The barrage of energy hits the troll!
The troll is severely wounded.
The orc sorcerer hits you but does no damage.
The troll closely misses you. You block the troll's attack.
The troll barely misses you. The troll completely misses you.
The troll closely misses you. The troll claws you.
* * * LOW HITPOINT WARNING * * *
The orc high priest calls upon Beogh to heal the orc sorcerer.
The orc sorcerer's wounds heal themselves!
The orange demon stings you from afar.
* * * LOW HITPOINT WARNING * * *
Your magical contamination has completely faded away.
Okay, then.
You feel much better.
The orc sorcerer hits you but does no damage.
The troll bites you!
* * * LOW HITPOINT WARNING * * *
The troll closely misses you. The troll claws you.
* * * LOW HITPOINT WARNING * * *
The troll bites you!
* * * LOW HITPOINT WARNING * * *
The troll claws you!
* * * LOW HITPOINT WARNING * * *
The troll claws you but does no damage.
The orc high priest prays to Beogh.
The orange demon stings you from afar!
You die...

........#
.........
......$.##
......*..#
#.#......#
......8..
......3T#
......T@#
##...))oo#
#....44##
.........
........#
.#.......
###.#..#
...###


You could see an orc high priest, an orange demon (summoned), a rust devil
(summoned), 2 trolls, a neqoxec (summoned), an orc sorcerer, a friendly
lightning spire (summoned) and a friendly battlesphere.

Vanquished Creatures
  The ghost of Douraeg the Martial Artist, a journeyman OpTm of Gozag (Lair:4)
  Snorg (D:11)
  Erolcha (D:9)
  4 hydras
  Erica (Lair:2)
  A boulder beetle (D:11)
  6 death yaks
  Amaemon (D:11)
  Pikel (D:8)
  A necromancer (D:11)
  A cyclops (D:11)
  13 elephants
  Maurice (D:8)
  21 cane toads
  An orange demon (D:11)
  A kobold demonologist (D:11)
  6 komodo dragons
  20 blink frogs
  3 tyrant leeches
  2 hornets
  A shadow (D:10)
  3 wraiths (D:10)
  2 wyverns
  8 yaks
  10 basilisks
  2 steam dragons
  A warg (D:9)
  4 vampire mosquitoes (Lair:5)
  3 swamp worms (Lair:3)
  13 water moccasins
  2 acid dragons (D:11)
  3 orc warriors
  2 black bears
  2 ogres
  2 centaurs
  2 phantoms
  A nameless horror (D:11)
  2 kobold brigands
  12 bullfrogs
  3 scorpions (D:5)
  7 wights
  5 killer bees (D:7)
  6 howler monkeys
  An electric eel (Lair:5)
  4 jellies
  A hound (D:6)
  3 orc priests
  A gnoll bouda (D:5)
  5 iguanas
  7 orc wizards
  7 hell rats (Lair:1)
  2 yak simulacra (D:11)
  Terence (D:2)
  4 wolf simulacra (D:11)
  18 gnolls
  12 river rats (Lair:1)
  7 adders
  A white imp (D:7)
  3 ufetubi
  2 worms
  3 dart slugs
  30 orcs
  4 bats
  12 endoplasms
  3 giant cockroaches
  6 goblins (D:1)
  6 hobgoblins
  6 jackals
  8 quokkas
  4 ball pythons
  A frilled lizard (D:1)
  21 kobolds
  12 rats
  4 river rat simulacra (D:11)
382 creatures vanquished.

Vanquished Creatures (collateral kills)
  A hydra (Lair:4)
  2 death yaks
  A skyshark (Lair:5)
  A goliath frog (Lair:5)
  A manticore (D:11)
  2 elephants
  A torpor snail (Lair:3)
  5 cane toads
  An unseen horror (D:11)
  3 komodo dragons
  A tyrant leech (Lair:5)
  A hornet (D:9)
  12 blink frogs
  A wyvern (Lair:3)
  8 yaks
  A basilisk (Lair:3)
  A vampire mosquito (Lair:5)
  A swamp worm (Lair:3)
  3 orc warriors
  3 kobold brigands
  A gnoll sergeant (D:9)
  2 bullfrogs (Lair:5)
  A wight (D:8)
  2 gnoll boudas (D:9)
  An orc priest (D:8)
  A hell rat (Lair:1)
  An orc wizard (D:8)
  A wolf simulacrum (D:11)
  3 gnolls (D:9)
  7 orcs
  12 kobolds
  2 rats (Lair:1)
84 creatures vanquished.

Grand Total: 466 creatures vanquished

Notes
Turn   | Place    | Note
-------+----------+-------------------------------------------
     0 | D:1      | wingedge the Demigod Air Elementalist began the quest for
                  | the Orb.
     0 | D:1      | Reached XP level 1. HP: 14/14 MP: 5/5
    24 | D:1      | Reached skill level 1 in Conjurations
   417 | D:1      | Reached XP level 2. HP: 20/20 MP: 2/7
   420 | D:1      | Learned a level 2 spell: Static Discharge
  1041 | D:2      | Reached XP level 3. HP: 25/26 MP: 0/8
  1164 | D:1      | Learned a level 3 spell: Swiftness
  1178 | D:2      | Noticed Terence
  1201 | D:2      | Reached skill level 3 in Air Magic
  1767 | D:2      | Reached XP level 4. HP: 7/33 MP: 3/10
  2246 | D:2      | Killed Terence
  2493 | D:2      | Reached skill level 1 in Fighting
  2826 | D:3      | Reached XP level 5. HP: 40/40 MP: 9/12
  2891 | D:3      | Found Veukain's Assorted Antiques.
  2898 | D:3      | Bought a fuming yellow potion for 20 gold pieces
  2898 | D:3      | Bought a scroll labelled ASUYLOI GIAQ for 23 gold pieces
  2898 | D:3      | Bought a green potion for 20 gold pieces
  3411 | D:3      | Bought a blackened gilded ring for 115 gold pieces
  3473 | D:4      | Noticed an ogre
  3487 | D:4      | Killed an ogre
  3867 | D:4      | You are sucked into a shaft and drop 2 floors!
  3868 | D:6      | Noticed a water moccasin
  3875 | D:6      | Killed a water moccasin
  3876 | D:6      | Reached skill level 4 in Air Magic
  3876 | D:6      | Reached XP level 6. HP: 22/50 MP: 0/14
  4064 | D:5      | Entered Level 5 of the Dungeon
  4634 | D:5      | Learned a level 4 spell: Airstrike
  4805 | D:5      | Reached XP level 7. HP: 38/57 MP: 9/16
  4923 | D:5      | Reached skill level 5 in Air Magic
  5329 | D:6      | Noticed a steam dragon
  5330 | D:6      | Killed a steam dragon
  5331 | D:6      | Reached skill level 6 in Air Magic
  5335 | D:6      | Learned a level 3 spell: Frozen Ramparts
  5542 | D:6      | Reached skill level 1 in Ice Magic
  5966 | D:6      | Reached XP level 8. HP: 63/63 MP: 3/17
  6559 | D:7      | Reached skill level 1 in Summonings
  6722 | D:7      | Identified the +1 leather armour of Feasting {Dex+2}
  6964 | D:7      | Reached skill level 7 in Air Magic
  7844 | D:7      | Reached XP level 9. HP: 71/71 MP: 10/19
  7904 | D:7      | Learned a level 4 spell: Summon Lightning Spire
  7904 | D:7      | Found a staircase to the Ecumenical Temple.
  8254 | D:8      | Reached skill level 1 in Long Blades
  8255 | D:8      | Reached skill level 5 in Spellcasting
  8589 | D:8      | Noticed Maurice
  8592 | D:8      | Killed Maurice
  9096 | D:8      | Noticed Pikel
  9099 | D:8      | Killed Pikel
  9261 | D:8      | Reached skill level 5 in Fighting
  9691 | D:9      | Found a staircase to the Orcish Mines.
 10000 | D:9      | Reached skill level 5 in Ice Magic
 10075 | D:9      | Reached skill level 8 in Air Magic
 10327 | D:9      | Reached XP level 10. HP: 81/81 MP: 5/22
 10561 | D:9      | Noticed Erolcha
 10581 | D:9      | Killed Erolcha
 11269 | D:9      | Learned a level 3 spell: Hailstorm
 11405 | D:10     | Entered Level 10 of the Dungeon
 11849 | D:10     | Found a transporter.
 12493 | D:11     | Noticed a death yak
 12493 | D:11     | Noticed a death yak
 12493 | D:11     | Noticed a death yak
 12493 | D:11     | Found a staircase to the Lair.
 12686 | D:11     | Noticed a manticore
 12800 | D:11     | Noticed a cyclops
 12803 | D:11     | Killed a cyclops
 12875 | D:11     | Noticed a boulder beetle
 12877 | D:11     | Reached skill level 1 in Armour
 12883 | D:11     | Killed a death yak
 13214 | D:11     | Reached XP level 11. HP: 91/91 MP: 20/24
 13214 | D:11     | Noticed a necromancer
 13223 | D:11     | Killed a necromancer
 13224 | D:11     | Reached skill level 5 in Summonings
 13763 | D:11     | Identified the +0 ring mail of a sewer {Regen+ rCorr}
 14103 | D:11     | Killed a death yak
 14393 | D:11     | Noticed Amaemon
 14404 | D:11     | Killed Amaemon
 14942 | D:11     | Killed a boulder beetle
 14942 | D:11     | HP: 4/91 [/static electricity (1)]
 15098 | D:11     | Killed a death yak
 15205 | D:11     | Noticed Snorg
 15217 | D:11     | Killed Snorg
 15218 | D:11     | Reached skill level 9 in Air Magic
 15375 | Lair:1   | Entered Level 1 of the Lair of Beasts
 15526 | Lair:1   | Reached skill level 5 in Long Blades
 16485 | Lair:1   | Identified the +1 scale mail of Responsibility {rElec Str+3
                  | Int+3}
 16915 | Lair:2   | Found a hole to the Spider Nest.
 17158 | Lair:2   | Noticed a seven-headed hydra
 17170 | Lair:2   | Killed a seven-headed hydra
 17171 | Lair:2   | Reached XP level 12. HP: 100/100 MP: 3/26
 17322 | Lair:2   | Noticed Erica
 17335 | Lair:2   | Killed Erica
 17693 | Lair:2   | Identified a scroll of acquirement
 17717 | Lair:2   | Acquired a book of the Spheres
 17725 | Lair:2   | Learned a level 5 spell: Iskenderun's Battlesphere
 17939 | Lair:2   | Identified the ring "Ekhuqemu" {rC+ MP+9}
 18602 | Lair:3   | Reached skill level 5 in Dodging
 18850 | Lair:3   | Found a staircase to the Swamp.
 18850 | Lair:3   | Noticed a five-headed hydra
 18850 | Lair:3   | Noticed a seven-headed hydra
 18857 | Lair:3   | Found a runed translucent gate.
 18926 | Lair:3   | Found a runed translucent gate.
 18928 | Lair:3   | Found a runed translucent gate.
 18936 | Lair:3   | Noticed a minotaur
 18936 | Lair:3   | Found the +3 Mad Mage's Maulers {Infuse+∞ VampMP -Cast}
 18936 | Lair:3   | Noticed ManwhosaysNo's ghost (journeyman DrCj)
 18944 | Lair:3   | Noticed a catoblepas
 19286 | Lair:3   | Reached skill level 5 in Stealth
 19629 | Lair:3   | Killed a five-headed hydra
 20164 | Lair:3   | Killed a seven-headed hydra
 20165 | Lair:3   | Reached skill level 5 in Armour
 20424 | Lair:4   | Reached skill level 5 in Conjurations
 20581 | Lair:4   | Identified the +0 mace of Blood-Lust {freeze, Str+2 Dex+3}
 20642 | Lair:4   | Reached skill level 10 in Air Magic
 21086 | Lair:4   | Noticed a six-headed hydra
 21090 | Lair:4   | Killed a six-headed hydra
 21262 | Lair:4   | Found a staircase to the Slime Pits.
 21520 | Lair:4   | Reached XP level 13. HP: 108/108 MP: 11/27
 21738 | Lair:4   | Found a runed translucent gate.
 21739 | Lair:4   | Found a runed translucent gate.
 21740 | Lair:4   | Found a runed translucent gate.
 21741 | Lair:4   | Noticed Douraeg's ghost (journeyman OpTm)
 21846 | Lair:4   | Killed Douraeg's ghost
 23586 | Lair:5   | Entered Level 5 of the Lair of Beasts
 25605 | Lair:5   | Learned a level 3 spell: Ozocubu's Armour
 25791 | Orc:1    | Entered Level 1 of the Orcish Mines
 25801 | Orc:1    | Slain by an orange demon

Illustrated notes

Levels and vault maps discovered:
D:1:      minmay_arrival_diagonal_passages, layout_basic, grunt_decor_one_mirror
D:2:      minmay_recursive_quarters, layout_rooms, basic_altar,
          nicolae_grassy_gnolls, uniq_terence
D:3:      layout_basic, grunt_temple_overflow_open, serial_shops, shop,
          shapermc_ecumenical_altar_hornbeckon, minivault_27
D:4:      layout_basic
D:5:      layout_rooms, trog_book
D:6:      layout_rooms, tso_oasis_becter
D:7:      layout_rooms, minmay_temple_entry_junction
D:8:      layout_gridville, xom_teletrap_fun, uniq_pikel, uniq_maurice
D:9:      layout_gridville, david_orc_1_choice, uniq_erolcha
D:10:     layout_long_grid, old_standard_altar, nicolae_diode_basic
D:11:     layout_basic, dpeg_lair_monsters, eino_house_with_fridge, uniq_snorg,
          uniq_amaemon
Lair:1:   lemuel_ratsnest, layout_hall_layers, serial_forest,
          infiniplex_forest_side_room, infiniplex_forest_zigzag_1,
          infiniplex_forest_lined_3, infiniplex_forest_straight_2,
          infiniplex_forest_clump_curved, infiniplex_forest_straight_2,
          infiniplex_forest_straight_2
Lair:2:   layout_cave_pods, spider_nest_entry_web_field, uniq_erica
Lair:3:   layout_loops_ring, palyth_hydra_swamp_entry,
          maelrawn_ghost_gauntlet_escape, kennysheep_basilisk_garden,
          serial_bayou_shore_b
Lair:4:   layout_small_grid, nicolae_slime_entry_slimehenge,
          gammafunk_ghost_split
Lair:5:   minmay_lair_end_frog_pond, layout_cave_shapes,
          chequers_serial_rivers_room_b
Orc:1:    layout_caves, uniq_sonja

Skill      XL: |  1  2  3  4  5  6  7  8  9 10 11 12 13 |
---------------+----------------------------------------+-----
Conjurations   | 2 3 4 5 8 |  8.5
Spellcasting   | 2 3 4 5 6 7 |  7.0
Air Magic      | 3 4 6 7 8 9 10 | 10.0
Fighting       | 1 2 3 4 5 6 7 8 9 |  9.7
Ice Magic      | 2 3 5 6 |  6.0
Summonings     | 2 4 6 |  6.3
Dodging        | 2 4 5 |  5.0
Long Blades    | 2 4 5 6 8 |  8.2
Stealth        | 2 3 5 |  5.0
Armour         | 1 3 5 7 |  7.0

Action                     |  1- 3 |  4- 6 |  7- 9 | 10-12 | 13-15 || total
---------------------------+-------+-------+-------+-------+-------++-------
  Melee: Short sword       |     1 |       |       |       |       ||     1
         Mace              |       |       |     4 |       |       ||     4
         Scimitar          |       |       |     9 |   138 |    27 ||   174
         Punch             |       |       |       |     2 |     1 ||     3
  Throw: Dart              |       |       |       |     3 |       ||     3
   Cast: Shock             |    85 |   122 |    52 |    39 |     3 ||   301
         Static Discharge  |     9 |    10 |    12 |    29 |    24 ||    84
         Swiftness         |     1 |       |       |     1 |     2 ||     4
         Airstrike         |       |       |    80 |   181 |    95 ||   356
         Frozen Ramparts   |       |       |     4 |     8 |     1 ||    13
         Summon Lightning  |       |       |    12 |    52 |    28 ||    92
         Hailstorm         |       |       |       |    17 |     1 ||    18
         Iskenderun's Batt |       |       |       |    13 |    29 ||    42
         Ozocubu's Armour  |       |       |       |       |     1 ||     1
    Use: Potion            |     1 |       |       |       |     2 ||     3
         Scroll            |       |       |    17 |    19 |     2 ||    38
   Stab: Distracted        |       |       |       |     1 |     2 ||     3
 Armour: Robe              |     1 |     4 |     7 |       |       ||    12
         Leather armour    |       |       |       |    16 |       ||    16
         Troll leather arm |       |       |       |    32 |    44 ||    76
         Ring mail         |       |       |       |    13 |       ||    13
  Dodge: Dodged            |    17 |    13 |    21 |   108 |    61 ||   220
  Block: Other             |       |       |       |     5 |    26 ||    31
